 Dungeon Crawl Stone Soup version 0.17.1-2-g5865329 (webtiles) character file.

100 Mysteryquy the Cudgeler (level 4, -5/48 HPs)
             Began as an Ogre Fighter on Jan 12, 2016.
             Killed from afar by an orc wizard (7 damage)
             ... with a magic dart
             ... on level 3 of the Dungeon.
             The game lasted 00:02:24 (1791 turns).

Mysteryquy the Cudgeler (Ogre Fighter)              Turns: 1791, Time: 00:02:24

Health: -5/48      AC:  3    Str: 27    XL:     4   Next: 74%
Magic:  4/4        EV:  8    Int:  7    God:
Gold:   89         SH:  9    Dex:  9    Spells: 0 memorised, 3 levels left

rFire  . . .     SeeInvis .     a - +0 flail
rCold  . . .     Clarity  .     b - +0 robe
rNeg   . . .     SustAt   .     c - +0 shield
rPois  .         Gourm    .     (helmet restricted)
rElec  .         Spirit   .     (no cloak)
rCorr  .         Warding  .     (gloves unavailable)
rMut   .         Stasis   .     (boots unavailable)
MR     .....                    (no amulet)
Stlth  +.........               (no ring)
                                (no ring)

@: mighty, not resistant to hostile enchantments, very unstealthy
A: unfitting armour, tough skin 1
a: no special abilities


You were on level 3 of the Dungeon.
You were not hungry.

You visited 1 branch of the dungeon, and saw 3 of its levels.

You collected 89 gold pieces.

Inventory:

Hand Weapons
 a - a +0 flail (weapon)
Missiles
 o - 5 large rocks (quivered)
Armour
 b - a +0 robe (worn)
 c - a +0 shield (worn)
Jewellery
 p - an uncursed ring of magical power {unknown}
Scrolls
 f - 3 scrolls of enchant weapon {unknown}
 i - 5 scrolls of identify {unknown}
 k - 3 scrolls of teleportation {unknown}
 m - a scroll of enchant armour {unknown}
Potions
 g - 2 potions of curing {unknown}
 h - a potion of heal wounds {unknown}
 j - a potion of flight {unknown}
 l - a potion of cancellation {unknown}
 n - a potion of brilliance {unknown}
Comestibles
 e - 3 bread rations


   Skills:
 - Level 4.0 Fighting
 + Level 6.3 Maces & Flails
 - Level 2.6 Dodging
 - Level 2.6 Shields


You had 3 spell levels left.
You didn't know any spells.

Dungeon Overview and Level Annotations

Branches:
Dungeon (3/15)

Altars:


Innate Abilities, Weirdness & Mutations

You are too large for most types of armour.
You have tough skin (AC +1).


Message History

You completely miss something. Something hits you but does no damage.
You completely miss something. Something hits you but does no damage.
Drink which item? (? for menu, Esc to quit)
You feel very mighty all of a sudden. Something hits you.
* * * LOW HITPOINT WARNING * * *
You miss something.
You feel less confused. Something hits you but does no damage.
You miss something. Something hits you.
* * * LOW HITPOINT WARNING * * *
You miss something.
You hear some strange, mumbled words.
A puff of flame appears from out of thin air!
The puff of flame misses you.
You barely miss something.
You hear some strange, mumbled words.
A magic dart appears from out of thin air!
The magic dart hits you!
You die...

#o# #. #o# ## #. #.# .#
#. #o# #. #.###.# ..
#.#...# .# #.#.### #.#
#.#.##########.###
#.).{@.)....[....#
###.##########.#.# #.#
#.# ##.## #######.######
#...###............#
#.#..).........###.##
#...###........# #...
....>........##)#.# #..#
##########.#.##.#...[..#


There were no monsters in sight!

Vanquished Creatures
  An orc priest (D:3)
  An adder (D:2)
  An ooze (D:1)
  A giant gecko (D:1)
  2 orcs (D:3)
  9 bats
  7 hobgoblins
  6 jackals
  6 giant cockroaches
  A giant newt (D:1)
  7 goblins
  3 kobolds
  4 rats
  A toadstool (D:1)
50 creatures vanquished.

Vanquished Creatures (others)
  3 toadstools (D:1)
3 creatures vanquished.

Grand Total: 53 creatures vanquished

Notes
Turn   | Place    | Note
--------------------------------------------------------------
     0 | D:1      | Mysteryquy the Ogre Fighter began the quest for the Orb.
     0 | D:1      | Reached XP level 1. HP: 24/24 MP: 1/1
   141 | D:1      | Reached XP level 2. HP: 26/32 MP: 2/2
   376 | D:1      | Reached XP level 3. HP: 21/39 MP: 3/3
   661 | D:2      | Reached skill level 5 in Maces & Flails
  1288 | D:2      | Reached XP level 4. HP: 45/48 MP: 4/4
  1749 | D:3      | Reached skill level 6 in Maces & Flails
  1787 | D:3      | HP: 2/48 [something (1)]
  1791 | D:3      | Killed from afar by an orc wizard

Action                   |  1- 3 |  4- 6 || total
-------------------------+-------+-------++-------
Melee: Flail             |   124 |    42 ||   166
  Use: Potion            |       |     1 ||     1
  Eat: Chunk             |     1 |     2 ||     3
